[Event "Titled Tuesday Blitz February 14 Early 2023"]
[White "Meera, Sai"]
[Black "Buscar, Michael"]
[WhiteFideId "5004357"]
[BlackFideId "2603616"]
[WhiteElo "2064"]
[BlackElo "2041"]
[Result "1-0"]
[Round "11"]
[TimeControl "180+2"]
[Date "2023.02.14"]
[WhiteClock "0:00:22"]
[BlackClock "0:00:10"]

1. e4 c5 2. Nf3 Nc6 3. d4 cxd4 4. Nxd4 Nf6 5. Nc3 e5 6. Ndb5 h6 7. Nd5 Nxd5 8. exd5 a6 9. Nc3 Nb8 10. Be3 d6 11. Bd3 Nd7 12. O-O Be7 13. f4 exf4 14. Bxf4 O-O 15. Ne4 Ne5 16. Bxe5 dxe5 17. d6 Bg5 18. Nxg5 Qxg5 19. Qf3 Rb8 20. Bc4 Qg6 21. Rad1 Be6 22. Bxe6 Qxe6 23. d7 f6 24. Qa3 Rfd8 25. Rd6 Qf7 26. Rfd1 Qc4 27. c3 Kf7 28. R6d2 Qe6 29. Qc5 b6 30. Qe3 Rb7 31. Rd6 Qc4 32. Qf3 Rc7 33. Qh5+ Kf8 34. Qf5 Qf4 35. Qh7 Qe3+ 36. Kh1 Rcxd7 37. Qh8+ Kf7 38. Rxd7+ Kg6 39. Qxg7+ Kh5 40. Rxd8 1-0


[Site "https://www.chess.com"]

[Event "Titled Tuesday Blitz February 14 Early 2023"]
[White "Clawitter, Craig"]
[Black "Tsotsonava, Elene"]
[WhiteFideId "2023105"]
[BlackFideId "13615939"]
[WhiteElo "2050"]
[BlackElo "2053"]
[Result "0-1"]
[Round "11"]
[TimeControl "180+2"]
[Date "2023.02.14"]
[WhiteClock "0:00:31"]
[BlackClock "0:01:52"]

1. e4 c5 2. Nf3 e6 3. d4 cxd4 4. Nxd4 Nc6 5. Nc3 Qc7 6. Be3 a6 7. Qd2 Nf6 8. O-O-O Be7 9. f3 b5 10. g4 Nxd4 11. Qxd4 Bb7 12. g5 Nh5 13. f4 Rc8 14. Be2 b4 15. Bxh5 bxc3 16. b3 Qa5 17. Kb1 O-O 18. Qxd7 Rc7 19. Qa4 Qxa4 20. bxa4 Bxe4 21. Rhe1 Rb8+ 22. Ka1 Bxc2 23. Rc1 Bxa4 24. Bd4 Ba3 0-1


[Site "https://www.chess.com"]

[Event "Titled Tuesday Blitz February 14 Early 2023"]
[White "Wilson, Elvin"]
[Black "lisjakzlatko1"]
[WhiteFideId "2014874"]
[WhiteElo "2183"]
[BlackElo "2220"]
[Result "1-0"]
[Round "11"]
[TimeControl "180+2"]
[Date "2023.02.14"]
[WhiteClock "0:01:59"]
[BlackClock "0:00:07"]

1. c4 d6 2. g3 e5 3. Bg2 Nf6 4. Nc3 Be7 5. e4 O-O 6. Nge2 c6 7. O-O Re8 8. d3 Bf8 9. h3 a5 10. Be3 Na6 11. Qd2 Nc5 12. Rae1 a4 13. f4 exf4 14. gxf4 g6 15. Ng3 Bg7 16. d4 Ncd7 17. e5 dxe5 18. fxe5 Nxe5 19. dxe5 Qxd2 20. Bxd2 Nd7 21. e6 fxe6 22. Nge4 a3 23. b3 Ne5 24. Nf6+ Bxf6 25. Rxf6 Nd3 26. Ref1 Bd7 27. Rf7 Bc8 28. Bh6 Nc5 29. Rf8+ Rxf8 30. Rxf8# 1-0


[Site "https://www.chess.com"]

[Event "Titled Tuesday Blitz February 14 Early 2023"]
[White "Prudnykova, Olga"]
[Black "Ciuffoletti, Paolo"]
[WhiteFideId "14121093"]
[BlackFideId "807630"]
[WhiteElo "2268"]
[BlackElo "2106"]
[Result "1-0"]
[Round "11"]
[TimeControl "180+2"]
[Date "2023.02.14"]
[WhiteClock "0:01:24"]
[BlackClock "0:00:14"]

1. e4 c5 2. Nf3 Nc6 3. Nc3 Nf6 4. e5 Ng4 5. Qe2 Qc7 6. Nd5 Qb8 7. d4 cxd4 8. Bf4 e6 9. h3 Nh6 10. Bxh6 exd5 11. Bf4 Bb4+ 12. Bd2 Bxd2+ 13. Qxd2 Nxe5 14. Ke2 O-O 15. Nxd4 Nc4 16. Qc3 Qf4 17. Re1 d6 18. Kd1 Qxf2 19. Bd3 Be6 20. Rhf1 Qxg2 21. Rg1 Qh2 22. Nxe6 fxe6 23. Qxg7# 1-0


[Site "https://www.chess.com"]

[Event "Titled Tuesday Blitz February 14 Early 2023"]
[White "Vaglio Munoz, Jaime"]
[Black "Broca Jimenez, Fernando"]
[WhiteFideId "6500145"]
[BlackFideId "5104742"]
[WhiteElo "2174"]
[BlackElo "2075"]
[Result "1-0"]
[Round "11"]
[TimeControl "180+2"]
[Date "2023.02.14"]
[WhiteClock "0:01:23"]
[BlackClock "0:01:15"]

1. d4 c5 2. dxc5 e6 3. a3 Bxc5 4. Nf3 Nf6 5. b4 Be7 6. c4 d5 7. e3 dxc4 8. Qxd8+ Bxd8 9. Bxc4 O-O 10. Bb2 Nc6 11. Nc3 Be7 12. Rd1 Rd8 13. Ke2 Bd7 14. Bb3 Rac8 15. h3 Be8 16. g4 Bd6 17. g5 Nh5 18. Ne4 Bc7 19. Rxd8 Rxd8 20. Rg1 Ne7 21. Rc1 Bc6 22. Ned2 Bb6 23. a4 Rc8 24. b5 Bxf3+ 25. Nxf3 Rxc1 26. Bxc1 g6 27. Bd2 Ng7 28. a5 Bc5 29. Ne5 Ngf5 30. Nd7 Bd6 31. Bc3 Ng7 32. Nf6+ Kf8 33. Nxh7+ Kg8 34. Nf6+ Kf8 35. Ne4 Bc7 36. a6 bxa6 37. bxa6 Ngf5 38. Bb4 Ke8 39. f4 Kd8 40. Kd3 Nc6 41. Bc5 Nb8 42. Bc4 Bb6 43. Bxb6+ 1-0


[Site "https://www.chess.com"]

[Event "Titled Tuesday Blitz February 14 Early 2023"]
[White "Liu, Casper"]
[Black "Hartikainen, Jarmo"]
[WhiteFideId "1454153"]
[BlackFideId "503134"]
[WhiteElo "2278"]
[BlackElo "2108"]
[Result "1/2-1/2"]
[Round "11"]
[TimeControl "180+2"]
[Date "2023.02.14"]
[WhiteClock "0:01:25"]
[BlackClock "0:00:23"]

1. d4 Nf6 2. c4 g6 3. Nc3 d5 4. cxd5 Nxd5 5. e4 Nxc3 6. bxc3 Bg7 7. Nf3 O-O 8. Rb1 c5 9. Be2 Nd7 10. O-O b6 11. e5 Bb7 12. Nd2 Qc7 13. Bf3 Rad8 14. Bxb7 Qxb7 15. Ba3 Qd5 16. Qb3 Qxb3 17. axb3 cxd4 18. Bxe7 dxc3 19. Ne4 Bxe5 20. Bxf8 Nxf8 21. Rbc1 Rc8 22. Rc2 b5 23. b4 a5 24. bxa5 b4 25. Rb1 Ne6 26. Rxb4 Nd4 27. Rxd4 Bxd4 28. Kf1 Ra8 29. Nxc3 Rc8 30. a6 Bxc3 31. a7 Ra8 32. Rxc3 Rxa7 33. h4 Kg7 34. g3 Ra2 35. Kg2 Rb2 36. Rf3 Ra2 37. Kh3 Rb2 38. Kg4 Rb4+ 39. Kh3 Rb2 40. h5 Rb4 41. hxg6 hxg6 42. g4 Rb2 43. Rf4 Rb3+ 44. Kh4 f6 45. g5 fxg5+ 46. Kxg5 Rb5+ 47. Kg4 Rc5 48. f3 Rc1 49. Rd4 Rc6 50. Kg5 Rc5+ 51. Kg4 Rc6 52. f4 Kf6 53. Rd8 Rc1 54. Rf8+ Kg7 55. Ra8 Rg1+ 56. Kh4 Rh1+ 57. Kg5 Rg1+ 58. Kh4 Rh1+ 59. Kg4 Rg1+ 60. Kf3 Rf1+ 61. Kg3 Rg1+ 62. Kf2 Rb1 63. Kf3 Rb4 64. Kg4 Rb1 65. Ra7+ Kf6 66. Ra6+ Kg7 67. Kg5 Rb5+ 68. Kg4 Rb1 69. Ra7+ Kf6 70. Rh7 Rg1+ 71. Kf3 Rf1+ 72. Kg3 Rg1+ 73. Kf2 Rb1 74. Ra7 Rb3 75. Ra5 Rc3 76. Rb5 Ra3 77. Rc5 Rb3 78. Ra5 Rc3 79. Rd5 Rb3 80. Ra5 1/2-1/2


[Site "https://www.chess.com"]

[Event "Titled Tuesday Blitz February 14 Early 2023"]
[White "Osuna Vega, Enrique"]
[Black "Schut, Han"]
[WhiteFideId "2219549"]
[BlackFideId "1005561"]
[WhiteElo "2061"]
[BlackElo "2101"]
[Result "1/2-1/2"]
[Round "11"]
[TimeControl "180+2"]
[Date "2023.02.14"]
[WhiteClock "0:01:24"]
[BlackClock "0:00:49"]

1. e4 c5 2. Nf3 d6 3. d4 cxd4 4. Nxd4 Nf6 5. f3 e5 6. Bb5+ Nbd7 7. Nf5 d5 8. exd5 a6 9. Bxd7+ Qxd7 10. Ne3 b5 11. Nc3 Bb7 12. Ne4 Nxd5 13. Nxd5 Qxd5 14. Qxd5 Bxd5 15. Be3 f5 16. Nc3 Bb4 17. Bd2 O-O-O 18. a3 Bxc3 19. Bxc3 Rhe8 20. O-O-O g6 21. Rhe1 e4 22. fxe4 Rxe4 23. Rxe4 Bxe4 24. Rxd8+ Kxd8 25. g3 Kd7 26. Kd2 Ke6 27. Bg7 Kd5 28. b3 Bf3 29. Ke3 Bd1 30. Kd2 Bf3 31. Ke3 Bd1 32. Kd2 Bf3 1/2-1/2


[Site "https://www.chess.com"]

[Event "Titled Tuesday Blitz February 14 Early 2023"]
[White "Afanasieva, Alexandra"]
[Black "Jesusesmifuerza"]
[WhiteFideId "34126926"]
[WhiteElo "1857"]
[BlackElo "2006"]
[Result "1-0"]
[Round "11"]
[TimeControl "180+2"]
[Date "2023.02.14"]
[WhiteClock "0:01:22"]
[BlackClock "0:00:01"]

1. e4 c5 2. Nf3 e6 3. d4 cxd4 4. Nxd4 Nf6 5. Nc3 Nc6 6. Nxc6 bxc6 7. e5 Nd5 8. Ne4 Qc7 9. f4 Qb6 10. Bd3 Ne3 11. Qe2 Nf5 12. c3 Be7 13. a4 a5 14. g4 Bh4+ 15. Kf1 Nh6 16. Be3 c5 17. Bxc5 Qc6 18. Bb5 Qc7 19. Nd6+ Kf8 20. b4 Be7 21. Rd1 Kg8 22. Nxc8 Qxc8 23. Bxe7 Qxc3 24. Rxd7 Qc1+ 25. Kg2 1-0


[Site "https://www.chess.com"]

[Event "Titled Tuesday Blitz February 14 Early 2023"]
[White "Caspi, Israel"]
[Black "Thomas, Anysia"]
[WhiteFideId "2807394"]
[BlackFideId "670472"]
[WhiteElo "2466"]
[BlackElo "2147"]
[Result "1-0"]
[Round "11"]
[TimeControl "180+2"]
[Date "2023.02.14"]
[WhiteClock "0:00:37"]
[BlackClock "0:00:06"]

1. d4 Nf6 2. Nc3 d5 3. Bf4 g6 4. e3 Bg7 5. h4 h5 6. Nf3 Bg4 7. Qd2 Bxf3 8. gxf3 O-O 9. O-O-O c5 10. dxc5 Qa5 11. Kb1 Qxc5 12. Nxd5 Nc6 13. Qc3 Qxc3 14. Nxc3 e6 15. Bb5 Rfc8 16. Rd6 Ne7 17. Be5 Nf5 18. Rd3 a6 19. Ba4 b5 20. Bb3 a5 21. a4 b4 22. Nb5 Rc5 23. Bf4 Rac8 24. e4 Ne7 25. Bd6 1-0


[Site "https://www.chess.com"]

[Event "Titled Tuesday Blitz February 14 Early 2023"]
[White "Hertlein, Irena"]
[Black "Santos Flores, Alberto"]
[WhiteFideId "21817618"]
[BlackFideId "3601234"]
[WhiteElo "1994"]
[BlackElo "2164"]
[Result "1-0"]
[Round "11"]
[TimeControl "180+2"]
[Date "2023.02.14"]
[WhiteClock "0:00:15"]
[BlackClock "0:00:43"]

1. Nf3 c5 2. c4 g6 3. e4 Bg7 4. d4 Qb6 5. dxc5 Qxc5 6. Nc3 Bxc3+ 7. bxc3 Nc6 8. Be2 d6 9. O-O Nf6 10. Be3 Qa5 11. Qc2 O-O 12. Nd4 Qc7 13. f4 b6 14. Nxc6 Qxc6 15. e5 dxe5 16. fxe5 Ne4 17. Bf3 Bb7 18. Bh6 Qxc4 19. Bxf8 Rxf8 20. Rae1 Nc5 21. Bxb7 Nxb7 22. e6 f6 23. Qe4 Qxe4 24. Rxe4 Nd6 25. Ra4 a5 26. Rb1 Rc8 27. Rxb6 Rxc3 28. Rxa5 Re3 29. Rb8+ Kg7 30. Ra7 Rxe6 31. a4 Ne4 32. h3 Kf7 33. a5 Rc6 34. Rb6 Rc1+ 35. Kh2 Nc5 36. Rc6 Nb3 37. Rxc1 Nxc1 38. Rb7 Nb3 39. a6 Nc5 40. a7 Nxb7 41. a8=Q Nd6 42. Qd5+ Kf8 43. Qe6 Nf5 44. g4 Nd6 45. h4 Nf7 46. h5 gxh5 47. gxh5 Nd6 48. h6 Nf7 49. Qc8+ 1-0


[Site "https://www.chess.com"]

[Event "Titled Tuesday Blitz February 14 Early 2023"]
[White "Yonal, Timur"]
[Black "Yaniuk, Volodymyr"]
[WhiteFideId "44115725"]
[BlackFideId "14133083"]
[WhiteElo "2039"]
[BlackElo "2223"]
[Result "0-1"]
[Round "11"]
[TimeControl "180+2"]
[Date "2023.02.14"]
[WhiteClock "0:00:52"]
[BlackClock "0:01:07"]

1. e4 e5 2. Nf3 Nc6 3. Bb5 Nf6 4. O-O Nxe4 5. Re1 Nd6 6. Nxe5 Be7 7. Nxc6 dxc6 8. Bd3 O-O 9. c3 c5 10. Bc2 Nf5 11. Qf3 g6 12. d3 Bd7 13. Na3 Bc6 14. Qh3 Nh4 15. f3 Bd6 16. Bh6 Bd7 17. g4 Qf6 18. Rf1 Rfe8 19. Bd1 g5 20. f4 Qxh6 21. fxg5 Qxg5 22. Bb3 Bxg4 0-1


[Site "https://www.chess.com"]

[Event "Titled Tuesday Blitz February 14 Early 2023"]
[White "Sabar, Ethmane Daouda"]
[Black "Jiganchine, Roman"]
[WhiteFideId "19600097"]
[BlackFideId "2603667"]
[WhiteElo "2040"]
[BlackElo "2205"]
[Result "1-0"]
[Round "11"]
[TimeControl "180+2"]
[Date "2023.02.14"]
[WhiteClock "0:00:17"]
[BlackClock "0:00:01"]

1. e4 c6 2. d4 d5 3. Nc3 dxe4 4. Nxe4 Nf6 5. Nxf6+ exf6 6. Nf3 Bd6 7. Bd3 O-O 8. O-O Bg4 9. c3 Re8 10. h3 Bh5 11. Be3 Na6 12. Be2 Nc7 13. Nh2 Bxe2 14. Qxe2 Nd5 15. Qd2 f5 16. Qc1 f4 17. Bd2 b5 18. Nf3 Qf6 19. Re1 h6 20. Qc2 g5 21. Rxe8+ Rxe8 22. Re1 Rxe1+ 23. Nxe1 Qe6 24. Qd3 f5 25. Kf1 Kg7 26. Qe2 Qe4 27. f3 Qxe2+ 28. Kxe2 Kf6 29. Nd3 a5 30. a3 a4 31. Nf2 Nb6 32. Nd3 Nc4 33. Bc1 Ke6 34. h4 Kd5 35. hxg5 hxg5 36. Kf2 Nb6 37. Ke2 Kc4 38. Kd2 Kb3 39. Kd1 Nc4 40. Ke2 Kc2 41. Ne5 Bxe5 42. dxe5 Kxc1 43. e6 Kc2 44. e7 Nd6 45. g4 fxg3 46. e8=Q Nxe8 47. Kf1 Kd3 48. Kg2 f4 49. Kf1 Ke3 50. Kg2 Ke2 51. c4 bxc4 52. b3 cxb3 53. Kh3 b2 54. Kg2 b1=Q 55. Kh3 Nd6 56. Kg4 Qf5+ 57. Kh5 g4+ 58. Kh6 Nf7+ 59. Kg7 1-0


[Site "https://www.chess.com"]

[Event "Titled Tuesday Blitz February 14 Early 2023"]
[White "Ricaurte Lopez, Juan Carlos"]
[Black "Cramling Bellon, Anna"]
[WhiteFideId "3600327"]
[BlackFideId "32009232"]
[WhiteElo "2226"]
[BlackElo "2043"]
[Result "0-1"]
[Round "11"]
[TimeControl "180+2"]
[Date "2023.02.14"]
[WhiteClock "0:00:02"]
[BlackClock "0:00:03"]

1. e4 c5 2. d4 cxd4 3. c3 Nf6 4. e5 Nd5 5. Bc4 Nb6 6. Bb3 d6 7. exd6 Qxd6 8. cxd4 e6 9. Nf3 Nc6 10. O-O Be7 11. Nc3 O-O 12. a3 Rd8 13. Qe2 Nxd4 14. Nxd4 Qxd4 15. Rd1 Qh4 16. Rxd8+ Bxd8 17. g3 Qe7 18. Bf4 Bd7 19. Rd1 Bc6 20. Nb5 Nd5 21. Be5 Qg5 22. Nd4 Bb6 23. Nxc6 bxc6 24. Qe4 Rd8 25. Kg2 f6 26. f4 Qh5 27. Bd4 Bxd4 28. Qxd4 Nxf4+ 29. Qxf4 Rxd1 30. Bxe6+ Kf8 31. Bg4 Qd5+ 32. Kh3 Rd2 33. Qb8+ Kf7 34. Qxa7+ Kg6 35. Qg1 h5 36. Qb1+ Kh6 37. Bf5 Rd1 38. Qe4 Qxe4 39. Bxe4 c5 40. b4 cxb4 41. axb4 Rd2 42. b5 Rb2 43. Bc6 g5 44. g4 hxg4+ 45. Kxg4 Rxh2 46. b6 Rb2 47. b7 Kg7 48. Kf5 Rf2+ 0-1


[Site "https://www.chess.com"]

[Event "Titled Tuesday Blitz February 14 Early 2023"]
[White "Thorsteinsdottir, Hallgerdur"]
[Black "Floresvillar Gonzalez, Luis Migu"]
[WhiteFideId "2302454"]
[BlackFideId "5100542"]
[WhiteElo "1978"]
[BlackElo "2043"]
[Result "0-1"]
[Round "11"]
[TimeControl "180+2"]
[Date "2023.02.14"]
[WhiteClock "0:00:10"]
[BlackClock "0:01:04"]

1. d4 e6 2. c4 d5 3. Nc3 Nf6 4. Nf3 Be7 5. Bg5 Nbd7 6. e3 c6 7. Bd3 dxc4 8. Bxc4 b5 9. Bb3 a6 10. O-O O-O 11. Rc1 c5 12. dxc5 Nxc5 13. Bc2 Bb7 14. Qxd8 Rfxd8 15. Ne5 Rac8 16. h3 h6 17. Bh4 Kf8 18. Rfd1 Rxd1+ 19. Rxd1 b4 20. Ne2 Nce4 21. Bxe4 Nxe4 22. Bxe7+ Kxe7 23. Nd4 Rc7 24. f3 Ng3 25. Kf2 Nf5 26. Nxf5+ exf5 27. Rd2 f6 28. Nd3 Rd7 29. Ke2 a5 30. a3 Ba6 31. e4 f4 32. axb4 axb4 33. Rd1 b3 34. Rd2 g5 35. Rd1 Ke6 36. Rd2 f5 37. exf5+ Kxf5 38. Rd1 h5 39. Rd2 g4 40. hxg4+ hxg4 41. fxg4+ Kxg4 42. Rd1 Kg3 43. Rd2 Rxd3 44. Rxd3+ Bxd3+ 45. Kxd3 Kxg2 0-1


[Site "https://www.chess.com"]

[Event "Titled Tuesday Blitz February 14 Early 2023"]
[White "Michalski, Olaf"]
[Black "Kukula, Pawel"]
[WhiteFideId "1106740"]
[BlackFideId "1115081"]
[WhiteElo "2273"]
[BlackElo "2135"]
[Result "0-1"]
[Round "11"]
[TimeControl "180+2"]
[Date "2023.02.14"]
[WhiteClock "0:00:09"]
[BlackClock "0:01:40"]

1. d4 Nf6 2. c4 e6 3. Nf3 b6 4. a3 Bb7 5. Nc3 d5 6. e3 a6 7. cxd5 Nxd5 8. Bd3 g6 9. O-O Bg7 10. e4 Nxc3 11. bxc3 O-O 12. Qe2 Nd7 13. e5 c5 14. Be3 Qc7 15. Ng5 b5 16. Ne4 Bxe4 17. Bxe4 Rac8 18. Rfc1 c4 19. f4 Rfd8 20. a4 Nb6 21. axb5 axb5 22. Rcb1 Nd5 23. Bd2 Rb8 24. g4 b4 25. cxb4 c3 26. Rc1 Qb6 27. Bxd5 cxd2 28. Qxd2 Rxd5 0-1


[Site "https://www.chess.com"]

[Event "Titled Tuesday Blitz February 14 Early 2023"]
[White "Mohammadian, Mohammad"]
[Black "Tanmay Jain"]
[WhiteFideId "12566055"]
[BlackFideId "45015481"]
[WhiteElo "1398"]
[BlackElo "2132"]
[Result "0-1"]
[Round "11"]
[TimeControl "180+2"]
[Date "2023.02.14"]
[WhiteClock "0:00:09"]
[BlackClock "0:00:39"]

1. e4 d6 2. d4 Nd7 3. Bd3 g6 4. Nf3 Bg7 5. Be3 e5 6. d5 Ne7 7. Qd2 O-O 8. Bh6 f5 9. Bxg7 Kxg7 10. exf5 Nxf5 11. Bxf5 Rxf5 12. O-O Nc5 13. Nc3 a5 14. a4 Qf6 15. Rae1 Rxf3 16. gxf3 Bh3 17. Ne4 Qxf3 18. Qg5 Nxe4 19. Rxe4 Qxe4 20. Qe7+ Kg8 21. Qg5 Bxf1 22. Kxf1 Rf8 23. Qe7 Qxc2 24. Qe6+ Kg7 25. Qe7+ Rf7 26. Qh4 Qxb2 27. Qg3 Qxf2+ 28. Qxf2 Rxf2+ 29. Kxf2 Kf6 30. Ke3 Kf5 31. h3 e4 32. h4 Ke5 33. h5 gxh5 34. Ke2 Kxd5 35. Ke3 Ke5 36. Ke2 d5 37. Ke3 d4+ 0-1


[Site "https://www.chess.com"]

[Event "Titled Tuesday Blitz February 14 Early 2023"]
[White "Vedder, Richard"]
[Black "Lee, Addison"]
[WhiteFideId "1004166"]
[BlackFideId "30924570"]
[WhiteElo "2248"]
[BlackElo "2079"]
[Result "0-1"]
[Round "11"]
[TimeControl "180+2"]
[Date "2023.02.14"]
[WhiteClock "0:02:11"]
[BlackClock "0:01:50"]

1. d4 Nf6 2. c4 g6 3. Nc3 d5 4. cxd5 Nxd5 5. Bd2 Bg7 6. e4 Nxc3 7. Bxc3 c5 8. d5 O-O 9. Bxg7 Kxg7 10. h4 e6 11. h5 exd5 12. exd5 Re8+ 13. Be2 Bf5 14. Qd2 Qf6 15. Nf3 Na6 16. hxg6 Bxg6 17. Kf1 Nb4 18. a3 Nc2 19. Rc1 Nd4 20. Rxc5 Nxe2 21. Rc7 Rac8 22. Qh6+ Kg8 23. Rxc8 Rxc8 24. Kxe2 Qxb2+ 25. Ke3 Qxa3+ 26. Kf4 Qd6+ 27. Ne5 Qf6+ 0-1